 Dungeon Crawl Stone Soup version 0.27.1-3-gb3d3a73c9e (webtiles) character file.

Game seed: 6084735208762123494

132 Goreval the Gusty (level 5, -7/37 HPs)
             Began as a Gnoll Wanderer on Oct 17, 2021.
             Was a Follower of Dithmenos.
             Killed by divine providence
             ... invoked by an orc priest
              (11 damage)
             ... on level 6 of the Dungeon.
             The game lasted 00:11:53 (3244 turns).

Goreval the Gusty (Gnoll Wanderer)                  Turns: 3244, Time: 00:11:53

Health: -7/37      AC:  2    Str: 14    XL:     5   Next: 15%
Magic:  10/12      EV: 12    Int: 10    God:    Dithmenos [*.....]
Gold:   155        SH:  0    Dex: 11    Spells: 4/14 levels left

rFire    . . .     SeeInvis .   g - +0 dagger
rCold    . . .     Faith    .   (no shield)
rNeg     . . .     Spirit   .   b - +0 robe
rPois    .         Reflect  .   (no helmet)
rElec    .         Harm     .   (no cloak)
rCorr    .         Rampage  .   (no gloves)
Will     .....                  (no boots)
Stlth    ++........             (no amulet)
HPRegen  0.12/turn              (no ring)
MPRegen  0.13/turn              (no ring)

@: wreathed by umbra
A: fangs 1, strong nose, distributed training
a: Renounce Religion


You were on level 6 of the Dungeon.
You worshipped Dithmenos.
Dithmenos was aware of your devotion.
You visited 1 branch of the dungeon, and saw 4 of its levels.

You collected 155 gold pieces.

Inventory:

Hand Weapons
 g - a +0 dagger (weapon)
Armour
 b - a +0 robe (worn)
 h - a +0 ring mail
Scrolls
 a - a scroll of fog {unknown}
 d - a scroll of identify {unknown}
 e - a scroll of amnesia {unknown}
 f - a scroll of magic mapping {unknown}
 k - a scroll of silence {unknown}
 l - a scroll of acquirement {unknown}
 m - a scroll of teleportation {unknown}
 n - a scroll of summoning {unknown}
 o - a scroll of noise {unknown}
Potions
 c - a potion of curing
 i - 2 potions of mutation {unknown}
 j - a potion of berserk rage {unknown}


   Skills:
 + Level 1.4 Fighting
 + Level 1.4 Short Blades
 + Level 1.4 Long Blades
 + Level 1.4 Axes
 + Level 1.4 Maces & Flails
 + Level 1.4 Polearms
 + Level 1.4 Staves
 + Level 1.4 Slings
 + Level 1.4 Bows
 + Level 1.4 Crossbows
 + Level 1.4 Throwing
 + Level 1.4 Armour
 + Level 1.4 Dodging
 + Level 2.7 Stealth
 + Level 1.4 Shields
 + Level 1.4 Unarmed Combat
 + Level 5.1 Spellcasting
 + Level 1.1 Conjurations
 + Level 2.3 Hexes
 + Level 1.1 Summonings
 + Level 1.1 Necromancy
 + Level 1.1 Translocations
 + Level 3.9 Transmutations
 + Level 1.1 Fire Magic
 + Level 1.1 Ice Magic
 + Level 5.5 Air Magic
 + Level 1.1 Earth Magic
 + Level 1.1 Poison Magic
 + Level 1.5 Invocations
 + Level 2.9 Evocations


You had 4 spell levels left.
You knew the following spells:

 Your Spells              Type           Power      Damage    Failure   Level
a - Shock                 Conj/Air       36%        1d5       6%          1
b - Static Discharge      Conj/Air       9%         N/A       9%          2
c - Wereblood             Tmut           10%        N/A       7%          2
k - Swiftness             Air            13%        N/A       7%          3
p - Passwall              Tmut/Erth      5%         N/A       12%         2

Your spell library contained the following spells:

 Spells                   Type           Power      Damage    Failure   Level
 Airstrike                Air            6%         N/A       22%         4
 Ozocubu's Armour         Ice            4%         N/A       38%         3
 Ozocubu's Refrigeration  Ice            2%         4d5       100%        7


Dungeon Overview and Level Annotations

Branches:
Dungeon (3/15)

Altars:
Dithmenos
Gozag
Hepliaklqana
Nemelex Xobeh


Innate Abilities, Weirdness & Mutations

You have very sharp teeth.
Your uncanny sense of smell can sniff out nearby items.
Your experience applies equally to all skills.


Message History

The zap hits the orc warrior but does no damage.
The zap hits the orc.
The zap hits the orc warrior.
The zap hits the orc.
You kill the orc!
Dithmenos accepts your kill.
The zap hits the orc warrior.
You feel quick.
The orc warrior hits you with a +1 vampiric hand axe!
The orc warrior draws strength from your wounds!
You start to feel a little slower.
Found a scroll labelled CISITA LILLUFO.
a - a scroll labelled CISITA LILLUFO You feel sluggish.
A black bear comes into view.
You start to feel a little faster.
The orc warrior hits you with a +1 vampiric hand axe!
* * * LOW HITPOINT WARNING * * *
An orc priest comes into view. It is wielding a +0 dagger.
The orc warrior hits you with a +1 vampiric hand axe.
* * * LOW HITPOINT WARNING * * *
This spell is already in effect.
Okay, then.
Unknown command.
Okay, then.
Okay, then.
Okay, then.
An orc wizard comes into view. It is wielding a +0 dagger.
You no longer feel sluggish.
The orc wizard shouts!
The orc priest shouts!
The orc warrior hits you with a +1 vampiric hand axe.
* * * LOW HITPOINT WARNING * * *
The orc wizard shouts!
The floor.
This square is wreathed by an umbra.
The orc wizard gestures wildly while chanting.
The orc wizard flickers and vanishes!
Deactivating autopickup; reactivate with Ctrl-A.
The orc priest mumbles some strange prayers to Beogh against you.
Beogh smites you!
You die...

. #..
####################....
.........oh.Z.o.........
####..@########........
#.### #...# #.Z.........
#.........# #.##........
#.........# #.##........
#.........# #Z##........
#.........# #o##........
#o#........ #.##........
#.#.#######
#.#o##........ #o#
#.{..........


You could see an orc warrior, a black bear, an orc priest and a centaur
skeleton.

Vanquished Creatures
  An iguana (D:3)
  An orc wizard (D:6)
  An adder (D:3)
  2 worms
  3 dart slugs (D:1)
  3 orcs
  3 bats
  4 endoplasms (D:1)
  2 giant cockroaches (D:1)
  4 goblins
  4 hobgoblins (D:1)
  9 kobolds
  3 quokkas
  8 ball pythons
  4 frilled lizards
  4 rats
56 creatures vanquished.

Notes
Turn   | Place    | Note
-------+----------+-------------------------------------------
     0 | D:1      | Goreval the Gnoll Wanderer began the quest for the Orb.
     0 | D:1      | Goreval set off with the following items: a +0 club, a +0
                  | robe, a potion of curing; and the following spell
                  | memorised: Shock; and the following spells available to
                  | memorise: Wereblood, Swiftness, Static Discharge, Passwall,
                  | Airstrike
     0 | D:1      | Reached XP level 1. HP: 13/13 MP: 6/6
    82 | D:1      | Reached XP level 2. HP: 19/19 MP: 3/7
   479 | D:1      | Reached XP level 3. HP: 21/25 MP: 1/9
   480 | D:1      | Reached skill level 5 in Spellcasting
   554 | D:1      | Learned a level 3 spell: Swiftness
   557 | D:1      | Learned a level 2 spell: Static Discharge
   560 | D:1      | Learned a level 2 spell: Wereblood
   563 | D:1      | Learned a level 2 spell: Passwall
   778 | D:1      | Reached skill level 1 in Invocations
   785 | D:1      | Found a faded altar of an unknown god.
  1002 | D:1      | Became a worshipper of Dithmenos the Shadowed
  1002 | D:1      | Reached * piety under Dithmenos
  1391 | D:2      | Reached skill level 1 in Fighting
  1391 | D:2      | Reached skill level 1 in Short Blades
  1391 | D:2      | Reached skill level 1 in Long Blades
  1391 | D:2      | Reached skill level 1 in Axes
  1391 | D:2      | Reached skill level 1 in Maces & Flails
  1391 | D:2      | Reached skill level 1 in Polearms
  1391 | D:2      | Reached skill level 1 in Staves
  1391 | D:2      | Reached skill level 1 in Slings
  1391 | D:2      | Reached skill level 1 in Bows
  1391 | D:2      | Reached skill level 1 in Crossbows
  1391 | D:2      | Reached skill level 1 in Throwing
  1391 | D:2      | Reached skill level 1 in Armour
  1391 | D:2      | Reached skill level 1 in Dodging
  1391 | D:2      | Reached skill level 1 in Shields
  1391 | D:2      | Reached skill level 1 in Unarmed Combat
  2211 | D:3      | Reached XP level 4. HP: 28/32 MP: 6/11
  2301 | D:3      | Reached skill level 1 in Conjurations
  2301 | D:3      | Reached skill level 1 in Summonings
  2301 | D:3      | Reached skill level 1 in Necromancy
  2301 | D:3      | Reached skill level 1 in Translocations
  2301 | D:3      | Reached skill level 1 in Fire Magic
  2301 | D:3      | Reached skill level 1 in Ice Magic
  2301 | D:3      | Reached skill level 1 in Earth Magic
  2301 | D:3      | Reached skill level 1 in Poison Magic
  2746 | D:3      | Found a hazy altar of Hepliaklqana.
  2935 | D:3      | You fall into a shaft and drop 3 floors!
  2964 | D:6      | Reached XP level 5. HP: 16/37 MP: 5/12
  3164 | D:6      | Found a sparkling altar of Nemelex Xobeh.
  3164 | D:6      | Found an opulent altar of Gozag.
  3190 | D:6      | Noticed an orc warrior
  3225 | D:6      | Noticed a black bear
  3244 | D:6      | Killed from afar by an orc priest

Illustrated notes

Levels and vault maps discovered:
D:1:      scummos_arrival_star, layout_rooms,
          hellmonk_ecumenical_altar_arch_garden, minmay_hexomino_p4
D:2:      layout_basic, kennysheep_generic_room_4
D:3:      layout_basic, mainiacjoe_overflow_alcove_1, serial_shops, shop
D:6:      layout_basic, grunt_temple_overflow_opulence,
          minmay_temple_entry_tees, minmay_fractal_squares_diagonal_5

Skill      XL: |  1  2  3  4 |
---------------+-------------+-----
Hexes          | 2 |  2.3
Spellcasting   | 5 |  5.1
Invocations    | 1 |  1.5
Fighting       | 1 |  1.4
Short Blades   | 1 |  1.4
Long Blades    | 1 |  1.4
Axes           | 1 |  1.4
Maces & Flails | 1 |  1.4
Polearms       | 1 |  1.4
Staves         | 1 |  1.4
Slings         | 1 |  1.4
Bows           | 1 |  1.4
Crossbows      | 1 |  1.4
Throwing       | 1 |  1.4
Armour         | 1 |  1.4
Dodging        | 1 |  1.4
Shields        | 1 |  1.4
Unarmed Combat | 1 |  1.4
Conjurations   | 1 |  1.1
Summonings     | 1 |  1.1
Necromancy     | 1 |  1.1
Translocations | 1 |  1.1
Fire Magic     | 1 |  1.1
Ice Magic      | 1 |  1.1
Earth Magic    | 1 |  1.1
Poison Magic   | 1 |  1.1
Stealth        | |  2.7
Transmutations | |  3.9
Air Magic      | |  5.5
Evocations     | |  2.9

Action                   |  1- 3 |  4- 6 || total
-------------------------+-------+-------++-------
Melee: Club              |    37 |     7 ||    44
       Bite              |     4 |       ||     4
       Punch             |       |     1 ||     1
 Cast: Shock             |    71 |    39 ||   110
       Swiftness         |       |     1 ||     1
       Passwall          |       |     1 ||     1
 Stab: Sleeping          |     2 |       ||     2
Armor: Robe              |     9 |     2 ||    11
Dodge: Dodged            |    33 |     3 ||    36
